 Dungeon Crawl Stone Soup version 0.31-a0-1074-g0b22e4e0f1 (webtiles) character file.

Game seed: 318270669135873692

53 sammy202020 the Shield-Bearer (level 3, -2/33 HPs)
             Began as a Minotaur Fighter on Nov 27, 2023.
             Slain by Natasha (7 damage)
             ... on level 2 of the Dungeon.
             The game lasted 00:02:30 (990 turns).

sammy202020 the Shield-Bearer (Minotaur Fighter)     Turns: 990, Time: 00:02:30

Health: -2/33      AC:  7    Str: 20    XL:     3   Next: 64%
Magic:  2/2        EV:  9    Int:  7    God:
Gold:   56         SH:  4    Dex:  9    Spells: 2/2 levels left

rFire   . . .        a - +0 war axe
rCold   . . .        c - +0 buckler
rNeg    . . .        b - +0 scale mail
rPois   .            (helmet restricted)
rElec   .            (no cloak)
rCorr   .            (no gloves)
SInv    .            (no boots)
Will    .....        (no amulet) Stlth
                     (no ring)
HPRegen 0.25/turn    (no ring)
MPRegen 0.08/turn

%: no passive effects
@: mighty, slowed, very slow
A: horns 2, retaliatory headbutt
a: no special abilities


You were on level 2 of the Dungeon.
You visited 1 branch of the dungeon, and saw 2 of its levels.

You collected 56 gold pieces.

Inventory:

Hand Weapons
 a - a +0 war axe (weapon)
Armour
 b - a +0 scale mail (worn)
 c - a +0 buckler (worn)
Potions
 f - a potion of cancellation {unknown}
 h - a potion of curing {unknown}
 i - a potion of attraction {unknown}


   Skills:
 * Level 4.1 Fighting
 * Level 3.0 Axes
 * Level 4.1 Armour
 + Level 1.0 Dodging
 * Level 4.2 Shields


You had 2 spell levels left.
You didn't know any spells.
Your spell library was empty.

Dungeon Overview and Level Annotations

Branches:
Dungeon (2/15)

Altars:

Annotations:
D:2 Natasha


Innate Abilities, Weirdness & Mutations

You have a pair of horns on your head.
You reflexively headbutt those who attack you in melee.


Message History

You hit the cerulean imp.
The cerulean imp is heavily wounded.
You hit Natasha but do no damage.
The cerulean imp hits you but does no damage.
Natasha claws you but does no damage.
The cerulean imp hits you but does no damage.
The cerulean imp hits you with a +1 spear.
Natasha mumbles some strange words.
You feel disoriented. You block Natasha's attack.
The cerulean imp hits you but does no damage.
You closely miss Natasha.
Natasha is severely wounded.
You hit the cerulean imp.
The cerulean imp hits you but does no damage.
Natasha howls an incantation.
You feel disoriented.
Natasha stares at you and mumbles some strange words.
The magic dart hits you. You block the cerulean imp's attack.
The cerulean imp hits you with a +1 spear.
You block Natasha's attack.
The cerulean imp hits you but does no damage.
You barely miss Natasha.
Natasha is severely wounded.
You hit the cerulean imp.
The cerulean imp hits you with a +1 spear.
Natasha stares at you and mumbles some strange words.
The magic dart hits you.
* * * LOW HITPOINT WARNING * * *
The cerulean imp hits you from afar with a +1 spear.
* * * LOW HITPOINT WARNING * * *
The cerulean imp closely misses you. Natasha casts a spell at you.
You resist with significant effort.
The cerulean imp hits you but does no damage.
The cerulean imp hits you but does no damage.
You feel very mighty all of a sudden. You block the cerulean imp's attack.
Natasha claws you!
You die...
Natasha begins licking her fur clean.

.....#.............###
.........##..###......
#......###.## #######
##...#..# ..##
##..#†#.###
.....##..##.....#
#.....#####†#.##
#..###..# #.#..# # #
##@##...##.#### #
#hw..####....# #
#...55....!.####.#####
#..$.....##.# #......
...........#
..#####...
##.........#
#......... ##........#
######.... #........#
##... ########## #...


You could see a worm, Natasha and 2 cerulean imps.

Vanquished Creatures
  A worm (D:2)
  A dart slug (D:2)
  4 ball pythons
  3 bats (D:1)
  5 endoplasms (D:1)
  6 goblins (D:1)
  7 hobgoblins
  4 jackals (D:2)
  2 kobolds (D:1)
  2 quokkas
  2 frilled lizards
  4 rats (D:2)
41 creatures vanquished.

Notes
Turn   | Place    | Note
-------+----------+-------------------------------------------
     0 | D:1      | sammy202020 the Minotaur Fighter began the quest for the
                  | Orb.
     0 | D:1      | Reached XP level 1. HP: 19/19 MP: 0/0
    62 | D:1      | Reached XP level 2. HP: 27/27 MP: 1/1
    62 | D:1      | You fall into a shaft and drop 1 floor!
   239 | D:1      | Found a faded altar of an unknown god.
   448 | D:1      | Reached XP level 3. HP: 33/33 MP: 2/2
   868 | D:2      | Reached skill level 1 in Dodging
   978 | D:2      | Noticed Natasha
   990 | D:2      | Slain by Natasha

Illustrated notes

Levels and vault maps discovered:
D:1:      dpeg_arrival_pond, layout_rooms, shapermc_ecumenical_altar_venn,
          roderic_lattice_a
D:2:      layout_rooms, uniq_natasha

Skill      XL: |  1  2  3 |
---------------+----------+-----
Armour         | 4 |  4.1
Fighting       | 4 |  4.1
Shields        | 4 |  4.2
Axes           | 3 |  3.0
Dodging        | 1 |  1.0

Action                     || total
---------------------------++-------
  Melee: War axe           ||    74
         Headbutt          ||    12
    Use: Scroll            ||     2
         Potion            ||     1
 Armour: Scale mail        ||    78
  Dodge: Dodged            ||    45
  Block: Buckler           ||    21

Table legend: (Time is in decaauts)
 A = Elapsed time spent in this place.
 B = Non-inter-level travel time spent in this place.
 C = Inter-level travel time spent in this place.
 D = Time resting spent in this place.
 E = Time spent auto-exploring this place.
 F = Levels seen in this place.
 G = Mean time per level.
                   A        B        C        D        E       F      G
               +--------+--------+--------+--------+--------+-----+--------+
         Total |   1022 |    983 |     39 |      0 |    593 |   2 |  511.0 |
       Dungeon |   1022 |    983 |     39 |      0 |    593 |   2 |  511.0 |
               +--------+--------+--------+--------+--------+-----+--------+

Top non-repeatable levels by time:
     D:1: 723 daAuts
     D:2: 299 daAuts
